Map: Acropolis LE

Players

DeMiGoDSh

  • Race: Terran Terran
  • League: Master
  • Spawn Location: 11:00

PtitDrogo - Winner!

  • Race: Protoss Protoss
  • League: Master
  • Spawn Location: 5:00

Event: NationWars 2019

VOD

Have the link to the VOD?

Description

Time

  • Played on: Sept. 30, 2019, 1:06 p.m.
  • Length: 7:37
Show
View Real Time Build Order
Export as new Build Order

DeMiGoDSh Terran 

Build Orders: Cyclone Opening 

Get SALT Encoding   

  12  0:00  SCV  
  13  0:13  SCV  
  14  0:17  Supply Depot  
  14  0:25  SCV  
  15  0:38  Refinery  
  15  0:42  Barracks  
  15  0:46  SCV  
  16  0:53  Refinery  
  16  0:58  SCV  
  17  1:10  SCV  
  18  1:22  SCV  
  19  1:30  Reaper  
  20  1:34  Orbital Command  
  20  1:46  Factory  
  20  1:57  Supply Depot  
  20  2:01  SCV  
  21  2:02  Reaper  
  22  2:13  SCV  
  23  2:25  SCV  
  24  2:36  Factory Tech Lab  
  23  2:37  Command Center  
  23  2:43  SCV  
  24  2:47  Supply Depot  
  24  2:55  SCV, Cyclone  
  24  2:57  Barracks Reactor  
  28  3:08  SCV  
  28  3:20  SCV  
  28  3:22  Starport  
  29  3:32  SCV, Siege Tank  
  29  3:33  Marine x2  
  35  3:43  Supply Depot  
  35  3:45  Barracks, SCV  
  36  3:50  Orbital Command  
  36  3:52  Marine  
  36  3:53  Marine  
  38  4:06  Starport Tech Lab  
  38  4:08  SCV  
  38  4:09  Orbital Command  
  39  4:10  Marine  
  39  4:11  Marine  
  41  4:24  SCV  
  41  4:26  Barracks  
  41  4:27  Cloaking Field  
  41  4:28  Marine  
  41  4:31  Banshee  
  46  4:35  SCV  
  47  4:42  Orbital Command  
  47  4:44  Siege Tank  
  47  4:45  Marine  
  43  4:49  SCV, Marine  
  44  4:54  Marine  
  45  5:03  SCV  
  45  5:05  Marine  
  46  5:09  Barracks Tech Lab  
  46  5:12  Marine  
  46  5:15  SCV, Marine  
  46  5:21  SCV  
  37  5:22  Marine  
  37  5:28  SCV  
  38  5:30  Marine  
  38  5:32  Supply Depot  
  38  5:33  Stimpack, SCV  
  43  5:38  Barracks Reactor  
  43  5:43  SCV  
  43  5:44  Marine  
  43  5:49  Marine x2  
  43  5:51  SCV  
  43  5:56  SCV  
  45  5:59  Raven  
  45  6:01  Marine  
  45  6:03  SCV  
  46  6:07  Marine  
  46  6:08  SCV  
  48  6:12  Siege Tank, Marine  
  48  6:15  SCV  
  53  6:19  Marine  
  53  6:24  Orbital Command  
  54  6:29  Marine  
  54  6:33  Marine  
  53  6:41  Marine  
  54  6:54  Marine x2  
  50  6:55  Siege Tank  
  50  6:57  Marine x2  
  50  6:58  SCV, Refinery  
  50  6:59  Bunker  
  50  7:01  SCV  
Show
View Real Time Build Order
Export as new Build Order

PtitDrogo Protoss - Winner!

Build Orders: 1 Gate Expand, Zealot Archon 

Get SALT Encoding   

  12  0:00  Probe  
  13  0:13  Probe  
  14  0:17  Pylon  
  14  0:25  Probe  
  15  0:35  Gateway  
  15  0:37  Probe (Chrono Boost)  
  16  0:47  Probe (Chrono Boost), Assimilator  
  17  0:52  Probe (Chrono Boost)  
  18  1:03  Probe  
  19  1:16  Probe  
  20  1:23  Cybernetics Core  
  22  1:38  Nexus  
  22  1:39  Pylon  
  20  1:42  Probe  
  21  1:47  Assimilator  
  21  1:54  Probe  
  21  1:56  Stalker (Chrono Boost)  
  24  2:05  Warp Gate  
  24  2:06  Probe  
  25  2:19  Stalker, Probe  
  28  2:35  Probe (Chrono Boost)  
  29  2:47  Probe (Chrono Boost)  
  29  2:51  Robotics Facility  
  30  2:55  Probe x2 (Chrono Boost)  
  30  2:56  Stalker  
  33  3:02  Probe (Chrono Boost)  
  33  3:04  Probe (Chrono Boost)  
  35  3:07  Probe (Chrono Boost)  
  36  3:13  Probe  
  36  3:17  Gateway x2  
  37  3:20  Probe  
  37  3:25  Probe  
  37  3:26  Sentry  
  41  3:35  Probe, Warp Prism (Chrono Boost)  
  41  3:40  Pylon, Probe  
  45  3:47  Pylon, Probe  
  46  3:58  Probe  
  46  3:59  Probe  
  49  4:02  Observer (Chrono Boost)  
  49  4:07  Stalker  
  51  4:10  Probe  
  51  4:14  Pylon  
  51  4:16  Stalker x2  
  56  4:20  Observer  
  56  4:24  Probe x2  
  59  4:26  Assimilator  
  59  4:27  Assimilator  
  59  4:33  Twilight Council  
  59  4:45  Probe  
  56  4:47  Nexus  
  56  4:48  Probe  
  57  4:57  Pylon, Probe  
  58  5:01  Zealot x3  
  58  5:03  Probe  
  65  5:09  Probe  
  66  5:20  Charge (Chrono Boost)  
  62  5:21  Probe  
  62  5:22  Probe  
  62  5:25  Dark Shrine  
  62  5:30  Adept x3  
  62  5:33  Probe  
  62  5:34  Probe  
  70  5:43  Pylon  
  70  5:46  Probe  
  71  5:53  Probe  
  71  5:54  Stalker x3  
  78  6:00  Probe  
  79  6:04  Gateway  
  79  6:05  Gateway  
  79  6:07  Gateway  
  79  6:09  Probe, Gateway  
  79  6:10  Gateway, Shield Battery  
  80  6:11  Probe  
  80  6:12  Probe  
  82  6:30  Probe x2  
  82  6:33  Probe  
  82  6:38  Pylon  
  81  6:42  Probe, Assimilator, Dark Templar x3  
  81  6:44  Assimilator  
  87  6:47  Probe x2  
  87  6:52  Archon  
  88  6:55  Probe  
  88  6:56  Pylon  
  88  6:57  Pylon  
  88  6:59  Probe  
  88  7:01  Zealot x3  
  95  7:11  Dark Templar  
  95  7:12  Dark Templar  
  95  7:14  Probe  
Tags
 
Add a new tag
Caveats
  • Supply blocks, unpowered buildings, or Contaminate may cause inaccurate times.
  • Supply counts are checked every 10 seconds.